 Dungeon Crawl Stone Soup version 0.26.1-11-gd32895ea62 (webtiles) character file.

Game seed: 3873927879808493926

4392 H0rd4k the Cutter (level 10, -1/75 HPs)
             Began as a Human Artificer on Apr 12, 2021.
             Killed from afar by a fire dragon (50 damage)
             ... with a blast of flame
             ... on level 7 of the Dungeon on Apr 13, 2021.
             The game lasted 00:11:07 (11314 turns).

H0rd4k the Cutter (Human Artificer)                Turns: 11314, Time: 00:11:07

Health: -1/75      AC:  6    Str: 15    XL:     10   Next: 61%
Magic:  6/10       EV: 15    Int: 11    God:
Gold:   359        SH:  0    Dex: 15    Spells: 9/9 levels left

rFire    . . .     SeeInvis .   f - +5 dagger (venom)
rCold    + . .     Faith    .   (no shield)
rNeg     + . .     Spirit   .   j - +0 leather armour {rN+}
rPois    .         Reflect  .   (no helmet)
rElec    .         Harm     .   v - +1 cloak
rCorr    .         Rampage  .   (no gloves)
Will     .....                  (no boots)
Stlth    +++.......             (no amulet)
HPRegen  0.22/turn              l - ring of protection from cold
MPRegen  0.12/turn              (no ring)

@: about to teleport
A: no striking features
a: no special abilities


You were on level 7 of the Dungeon.
You visited 2 branches of the dungeon, and saw 9 of its levels.

You collected 359 gold pieces.

Inventory:

Hand Weapons
 f - a +5 dagger of venom (weapon)
 i - a +1 dagger of draining
Missiles
 n - 28 poisoned darts
Armour
 j - a +0 leather armour of positive energy (worn)
 v - a +1 cloak (worn)
Magical Staves
 E - an uncursed staff of cold
Jewellery
 l - a ring of protection from cold (left hand)
 w - a +6 ring of strength {unknown}
 C - an uncursed amulet of regeneration {unknown}
Wands
 e - a wand of random effects (37)
 y - a wand of polymorph (7)
Scrolls
 a - 6 scrolls of remove curse
 b - 2 scrolls of enchant armour
 c - 3 scrolls of blinking {unknown}
 g - 2 scrolls of teleportation
 h - a scroll of silence {unknown}
 k - a scroll of fear {unknown}
 o - a scroll of fog {unknown}
 q - a scroll of random uselessness {unknown}
 t - 2 scrolls of magic mapping {unknown}
 x - 2 scrolls of amnesia {unknown}
 H - 2 scrolls of immolation {unknown}
Potions
 d - a potion of ambrosia {unknown}
 m - 2 potions of brilliance {unknown}
 p - 6 potions of curing
 r - 2 potions of haste
 s - a potion of magic
 u - 2 potions of might
 z - a potion of invisibility
 A - a potion of mutation
 B - a potion of berserk rage {unknown}
 F - a potion of resistance {unknown}
 G - 2 potions of degeneration {unknown}
 I - 2 potions of lignification {unknown}


   Skills:
 + Level 5.6 Fighting
 + Level 7.7 Short Blades
 + Level 5.9 Armour
 + Level 5.5 Dodging
 + Level 6.0 Stealth
 + Level 6.4 Evocations


You had 9 spell levels left.
You didn't know any spells.
Your spell library contained the following spells:

 Spells                   Type           Power        Failure   Level
 Beastly Appendage        Tmut           0%           38%         1
 Wereblood                Tmut           0%           54%         2
 Spider Form              Tmut/Pois      0%           77%         3
 Ice Form                 Ice/Tmut       0%           99%         4
 Blade Hands              Tmut           0%           100%        5


Dungeon Overview and Level Annotations

Branches:
Dungeon (8/15)             Temple (1/1) D:5
   Lair: D:8-11

Altars:
Ashenzari
Cheibriados
Dithmenos
Elyvilon
Fedhas
Gozag
Hepliaklqana
Makhleb
Nemelex Xobeh
Okawaru
Qazlal
Ru
Sif Muna
Trog
Uskayaw
Vehumet
Wu Jian
Xom
Yredelemnul
Zin
The Shining One

Shops:
D:6 =

Annotations:
D:5 exclusion: statue


Message History

The great orb of eyes is almost dead.
The great orb of eyes bites you!
* * * LOW HITPOINT WARNING * * *
You barely miss the great orb of eyes.
The great orb of eyes is almost dead.
You kill the great orb of eyes!
Your Stealth skill increases to level 6!
You puncture the ufetubus!
You kill the ufetubus!
A fire dragon comes into view.
The fire dragon roars deafeningly!
Okay, then.
Unknown command.
You feel much better.
As you read the scroll labelled OCWONA MUNU, it crumbles to dust.
You feel strangely unstable.
It was a scroll of teleportation.
The fire dragon breathes flames at you. The blast of flame hits you!!!
Ouch! That really hurt!
You die...

....#♣♣≈.♣ ♣.♣
♣.♣#.♣♣♣.#
....#♣≈♣♣♣♣♣.♣
♣.♣♣♣)♣.♣#
....#.≈.≈....♣
♣....♣♣♣.#
#.#.#≈≈≈.≈♣♣.♣
♣♣♣♣♣.♣.♣#
#.#.#♣≈♣♣≈#♣.♣ #.♣♣♣.#
#.#.#♣♣♣♣≈#♣.♣ #...(.#
#.#.# ♣♣♣≈#♣.♣ ♣ #.....#
#)#.#♣♣.≈♣#♣.♣♣♣♣♣♣♣♣♣.♣
#.....# #.#.#≈≈≈P♣
♣....@..D...♣ #♣...♣#
#.#.#♣♣.♣♣ ♣♣♣♣♣♣♣.♣♣♣♣♣
♣♣.♣♣ #.#.# ♣.♣ #†#
##♣.♣## ..#.#♣♣.♣♣ #.#
#.....# ###.#♣.♣.♣# .#(
#♣...♣# ....#.♣♣♣.# # #
#.♣.♣.# #####♣.♣†♣#
#♣...♣# ....#♣♣.♣♣
#.....# #.#.###.####
###############.###


You could see a fire dragon (catching breath).

Vanquished Creatures
  A great orb of eyes (D:7)
  Pikel (D:7)
  2 slime creatures
  Sigmund (D:2)
  Duvessa (D:7)
  A water moccasin (D:7)
  3 orc warriors
  An ice beast (D:7)
  2 phantoms
  3 sky beasts
  3 ogres
  A black bear (D:7)
  3 bullfrogs
  Dowan (D:7)
  A water moccasin skeleton (D:5)
  2 howler monkeys
  2 bullfrog zombies
  Crazy Yiuf (D:2)
  3 hounds
  A jelly (D:6)
  A quasit (D:6)
  A bullfrog skeleton (D:6)
  An orc priest (D:7)
  2 iguanas
  An orc wizard (D:7)
  Natasha (thrice) (D:2)
  4 worker ants
  A hound skeleton (D:7)
  4 gnolls
  12 adders
  2 white imps
  An ufetubus (D:7)
  An ooze (D:4)
  2 adder skeletons
  4 worms
  2 dart slugs (D:3)
  6 leopard geckos
  20 orcs
  4 giant cockroaches
  7 goblins
  5 hobgoblins
  16 jackals
  12 kobolds
  2 quokkas
  2 ball pythons
  3 bats
  12 frilled lizards
  A leopard gecko zombie (D:7)
  9 rats
175 creatures vanquished.

Vanquished Creatures (collateral kills)
  A phantom (D:7)
  A bullfrog (D:7)
  2 ball pythons (D:7)
  A rat (D:2)
5 creatures vanquished.

Vanquished Creatures (others)
  3 slime creatures (D:7)
  An ice beast (D:7)
  A bullfrog (D:7)
  A jackal (D:1)
  7 plants (D:7)
13 creatures vanquished.

Grand Total: 193 creatures vanquished

Notes
Turn   | Place    | Note
-------+----------+-------------------------------------------
     0 | D:1      | H0rd4k the Human Artificer began the quest for the Orb.
     0 | D:1      | Reached XP level 1. HP: 15/15 MP: 1/1
   159 | D:1      | Reached XP level 2. HP: 20/21 MP: 2/2
   436 | D:1      | Reached XP level 3. HP: 3/25 MP: 3/3
  1400 | D:2      | Noticed Sigmund
  1402 | D:2      | Noticed Natasha
  1414 | D:2      | Your ally died
  1415 | D:2      | Reached XP level 4. HP: 13/33 MP: 4/4
  1415 | D:2      | Reached XP level 5. HP: 15/38 MP: 5/5
  1622 | D:2      | Killed Natasha
  1783 | D:2      | Reached skill level 1 in Short Blades
  2233 | D:2      | Noticed Natasha
  2242 | D:2      | Killed Natasha
  2243 | D:2      | Reached XP level 6. HP: 30/44 MP: 6/6
  2958 | D:2      | Found an iron altar of Okawaru.
  3192 | D:2      | Noticed Natasha
  3200 | D:2      | Killed Natasha
  3661 | D:2      | Found a runed translucent door.
  3662 | D:2      | Noticed Crazy Yiuf
  3873 | D:2      | Killed Crazy Yiuf
  4371 | D:3      | Reached XP level 7. HP: 47/51 MP: 7/7
  4516 | D:3      | Reached skill level 2 in Short Blades
  5644 | D:4      | Reached skill level 3 in Short Blades
  5838 | D:4      | Found a hazy altar of Hepliaklqana.
  6081 | D:5      | Entered Level 5 of the Dungeon
  6602 | D:5      | Found a staircase to the Ecumenical Temple.
  6628 | Temple   | Entered the Ecumenical Temple
  6818 | D:5      | Reached XP level 8. HP: 51/58 MP: 8/8
  7031 | D:5      | Found a burning altar of Makhleb.
  7034 | D:5      | Found a glowing silver altar of Zin.
  7034 | D:5      | Noticed a balrug
  7034 | D:5      | Noticed an angel
  7163 | D:5      | Reached skill level 4 in Short Blades
  7433 | D:5      | Found a radiant altar of Vehumet.
  8081 | D:6      | Found an opulent altar of Gozag.
  8663 | D:6      | Reached skill level 5 in Short Blades
  8896 | D:6      | Found Qidife's Jewellery Shop.
  9033 | D:6      | Reached XP level 9. HP: 65/65 MP: 9/9
  9074 | D:6      | Found a shimmering altar of Xom.
  9247 | D:7      | Reached skill level 5 in Evocations
  9571 | D:7      | Reached skill level 5 in Armour
  9789 | D:7      | Found a sacrificial altar of Ru.
  9850 | D:7      | Noticed a slime creature
  9861 | D:7      | Noticed a slime creature
  9862 | D:7      | Noticed a slime creature
  9864 | D:7      | Noticed a slime creature
  9869 | D:7      | Noticed a slime creature
  9870 | D:7      | Noticed a slime creature
 10018 | D:8      | Killed a slime creature
 10019 | D:8      | Reached skill level 5 in Stealth
 10159 | D:7      | Killed a slime creature
 10160 | D:7      | Reached skill level 6 in Short Blades
 10514 | D:7      | Noticed Pikel
 10533 | D:7      | Killed Pikel
 10534 | D:7      | Reached skill level 5 in Fighting
 10534 | D:7      | Reached XP level 10. HP: 68/74 MP: 10/10
 10543 | D:7      | Reached skill level 5 in Dodging
 10723 | D:7      | Upgraded the game from 0.26.1-10-gdfb7c7de75 to
                  | 0.26.1-11-gd32895ea62
 10766 | D:7      | Noticed Duvessa
 10774 | D:7      | Killed Duvessa
 10865 | D:7      | Noticed Dowan
 10872 | D:7      | Reached skill level 7 in Short Blades
 10878 | D:7      | Killed Dowan
 11265 | D:7      | Noticed a great orb of eyes
 11286 | D:7      | Paralysed by a great orb of eyes for 2 turns
 11300 | D:7      | Killed a great orb of eyes
 11310 | D:7      | Noticed a fire dragon
 11314 | D:7      | Killed from afar by a fire dragon

Illustrated notes

Levels and vault maps discovered:
D:1:      zaba_arrival_water, layout_basic, minmay_tree_intersection
D:2:      layout_basic, serial_glass, glass_columns_a, glass_columns_c,
          grunt_decor_fettered, okawaru_altar_gauntlet_db,
          uniq_crazy_yiuf_cottage, uniq_sigmund, uniq_natasha
D:3:      layout_loops_ring
D:4:      layout_loops_ring, lemuel_coloured_pillars_altar, eino_tiny_chamber,
          kennysheep_generic_room_3
D:5:      layout_loops_ring, grunt_temple_overflow_order_and_chaos_2,
          vehumet_statue, minmay_temple_entry_butterflies
D:6:      layout_loops_ring, general_overflow_altar, serial_shops,
          kennysheep_mini, tgw_xom
D:7:      nzn_winding_woodlands_large [nzn_winding_woodlands_5x5_open_star,
          nzn_winding_woodlands_5x15_lazy_stream,
          nzn_winding_woodlands_5x5_closed_star,
          nzn_winding_woodlands_center_triple_pond,
          nzn_winding_woodlands_15x15_boxy_spiral,
          nzn_winding_woodlands_center_diamonds,
          nzn_winding_woodlands_5x5_perimeter,
          nzn_winding_woodlands_5x15_parted, nzn_winding_woodlands_hourglass],
          layout_basic, nicolae_ru_sacrificial_ziggurat, uniq_duvessa,
          uniq_pikel
D:8:      layout_gridville, lemuel_crystal_altar
Temple:   regret_index_temple_waves

Skill      XL: |  1  2  3  4  5  6  7  8  9 10 |
---------------+-------------------------------+-----
Armour         | 3 4 5 |  5.9
Evocations     | 4 6 |  6.4
Short Blades   | 1 3 5 6 7 |  7.7
Fighting       | 2 3 5 |  5.6
Dodging        | 2 3 4 5 |  5.5
Stealth        | 2 4 5 6 |  6.0

Action                   |  1- 3 |  4- 6 |  7- 9 | 10-12 || total
-------------------------+-------+-------+-------+-------++-------
Melee: Club              |     9 |       |       |       ||     9
       Dagger            |    69 |   203 |   326 |   118 ||   716
Evoke: Wand              |     2 |     5 |    27 |       ||    34
  Use: Scroll            |       |       |    10 |     1 ||    11
       Potion            |       |       |       |     1 ||     1
 Stab: Sleeping          |       |     2 |    12 |     3 ||    17
       Paralysed         |       |     2 |       |       ||     2
       Distracted        |       |       |     1 |     1 ||     2
Armor: Leather armour    |    28 |    34 |    50 |    18 ||   130
Dodge: Dodged            |    52 |   112 |   139 |    45 ||   348
